 Dungeon Crawl Stone Soup version 0.30-a0-371-gad7725a93e (webtiles) character file.

Game seed: 3970253358857850252

148617 sleeves the Brawler (level 16, 0/136 HPs)
             Began as a Demonspawn Transmuter on Nov 20, 2022.
             Was the Champion of Makhleb.
             Slain by a salamander tyrant (13 damage)
             ... on level 4 of the Snake Pit.
             The game lasted 00:43:24 (36263 turns).

sleeves the Brawler (Demonspawn Transmuter)        Turns: 36263, Time: 00:43:25

Health: 0/136      AC: 24    Str: 22    XL:     16   Next: 94%
Magic:  36/36      EV: 19    Int: 16    God:    Makhleb [******]
Gold:   2469       SH:  0    Dex: 14    Spells: 18/19 levels left

rFire   + . .      SeeInvis .      - Unarmed
rCold   + . .      Faith    .    (no shield)
rNeg    . . .      Spirit   .    G - +5 ring mail of Watchfulness {rF+ rC+ Str+2}
rPois   +          Reflect  .    d - +2 hat of the Mashing Gods {rPois MP+9}
rElec   +          Harm     .    B - +0 cloak
rCorr   .          Rampage  .    (gloves unavailable)
Will    +++..                    V - +2 pair of boots
Stlth   +.........               (no amulet)
HPRegen 0.42/turn                e - ring of the Oligarchy {rElec Will+ EV+4 Str+3}
MPRegen 0.25/turn                w - +4 ring of protection

@: mighty, weakened
A: foul stench 3, sturdy frame 2, demonic magic 2, demonic willpower, demonic
touch 3
a: Renounce Religion, Minor Destruction, Lesser Servant of Makhleb, Major
Destruction, Greater Servant of Makhleb


You were on level 4 of the Snake Pit.
You worshipped Makhleb.
Makhleb was exalted by your worship.
You visited 5 branches of the dungeon, and saw 27 of its levels.
You also visited: Gauntlet.

You collected 2469 gold pieces.

Inventory:

Missiles
 l - 5 silver javelins
 m - 2 throwing nets
 S - 2 curare-tipped darts (quivered)
Armour
 d - the +2 hat of the Mashing Gods (worn) {rPois MP+9}
   (You found it in a Gauntlet)

   rPois:     It protects you from poison.
   MP:        It affects your magic capacity (+9).
 B - a +0 cloak (worn)
   (You found it on level 4 of the Dungeon)
 E - quicksilver dragon scales
   (You found it in a Gauntlet)
 G - the +5 ring mail of Watchfulness (worn) {rF+ rC+ Str+2}
   (You found it on level 6 of the Dungeon)

   Str:       It affects your strength (+2).
   rF:        It protects you from fire.
   rC:        It protects you from cold.
 V - a +2 pair of boots (worn)
   (You found it on level 12 of the Dungeon)
Jewellery
 e - the ring of the Oligarchy (left hand) {rElec Will+ EV+4 Str+3}
   (You found it in a Gauntlet)

   [ring of evasion]

   EV:        It affects your evasion (+4).
   Str:       It affects your strength (+3).
   rElec:     It insulates you from electricity.
   Will:      It increases your willpower.
 w - a +4 ring of protection (right hand)
   (You found it on level 4 of the Dungeon)
 I - a ring of protection from cold
   (You found it on level 7 of the Dungeon)
 Q - a ring of see invisible
   (You found it on level 10 of the Dungeon)
 T - a ring of fire
   (You found it on level 11 of the Dungeon)
 Z - the ring "Kuonnemp" {Will+ Str+6}
   (You found it on level 1 of the Snake Pit)

   [ring of strength]

   Str:       It affects your strength (+6).
   Will:      It increases your willpower.
Wands
 A - a wand of polymorph (17)
   (You found it on level 4 of the Dungeon)
 K - a wand of charming (18)
   (You found it on level 8 of the Dungeon)
 L - a wand of digging (9)
   (You found it on level 8 of the Dungeon)
 M - a wand of roots (10)
   (You took it off an orc wizard on level 8 of the Dungeon)
 N - a wand of flame (7)
   (You found it on level 9 of the Dungeon)
 O - a wand of mindburst (7)
   (You found it on level 9 of the Dungeon)
 U - a wand of quicksilver (7)
   (You found it on level 12 of the Dungeon)
Scrolls
 f - 2 scrolls of amnesia
 g - 6 scrolls of enchant armour
 i - 2 scrolls of enchant weapon
 n - 2 scrolls of silence
 r - 7 scrolls of brand weapon
 s - 5 scrolls of vulnerability
 u - 5 scrolls of magic mapping
 v - 4 scrolls of butterflies
 x - 2 scrolls of blinking
 y - 2 scrolls of poison
 z - 5 scrolls of immolation
 D - 9 scrolls of teleportation
 P - 2 scrolls of summoning
 R - a scroll of acquirement
 X - 2 scrolls of torment
Potions
 a - 4 potions of haste
 b - 6 potions of lignification
 c - 7 potions of curing
 h - 7 potions of flight
 k - 3 potions of mutation
 o - 3 potions of berserk rage
 p - 4 potions of magic
 q - 9 potions of might
 t - 3 potions of brilliance
 H - 3 potions of heal wounds
 J - 3 potions of resistance
 W - 4 potions of ambrosia
 Y - 4 potions of attraction
Miscellaneous
 j - a condenser vane
   (You found it in a Gauntlet)


   Skills:
 - Level 15.0 Fighting
 - Level 13.2 Armour
 + Level 8.1 Dodging
 + Level 17.6 Unarmed Combat
 - Level 2.0 Spellcasting
 - Level 1.7 Transmutations
 - Level 15.0 Invocations


You had 18 spell levels left.
You knew the following spells:

 Your Spells              Type           Power      Damage    Failure   Level
a - Beastly Appendage     Tmut           14%        N/A       11%         1

Your spell library contained the following spells:

 Spells                   Type           Power      Damage    Failure   Level
 Wereblood                Tmut           7%         N/A       16%         2
 Sandblast                Erth           2%         2d4       22%         1
 Passwall                 Tmut/Erth      3%         N/A       22%         2
 Cigotuvi's Dreadful Rot  Necr/Pois/Air  2%         N/A       32%         2
 Sublimation of Blood     Necr           1%         N/A       32%         2
 Spider Form              Tmut/Pois      4%         N/A       41%         3
 Gell's Gravitas          Tloc           1%         N/A       54%         3
 Inner Flame              Hex/Fire       1%         N/A       54%         3
 Kindle Blastsparks       Fire/Tloc/Air  2%         2d10      54%         3
 Ozocubu's Armour         Ice            1%         N/A       54%         3
 Stone Arrow              Conj/Erth      2%         3d7       54%         3
 Teleport Other           Tloc           1%         N/A       54%         3
 Tukima's Dance           Hex            1%         N/A       54%         3
 Ice Form                 Ice/Tmut       4%         N/A       83%         4
 Airstrike                Air            0%         2d(1-17)  91%         4
 Animate Dead             Necr           1%         N/A       91%         4
 Cause Fear               Hex            0%         N/A       91%         4
 Dispel Undead            Necr           1%         3d6       91%         4
 Fulminant Prism          Conj/Hex       0%         3d5       91%         4
 Iskenderun's Mystic Bla  Conj/Tloc      1%         2d3       91%         4
 Manifold Assault         Tloc           1%         N/A       91%         4
 Passage of Golubria      Tloc           1%         N/A       91%         4
 Summon Ice Beast         Ice/Summ       1%         N/A       91%         4
 Summon Lightning Spire   Summ/Air       1%         N/A       91%         4
 Borgnjor's Vile Clutch   Necr/Erth      0%         N/A       99%         5
 Lee's Rapid Deconstruct  Erth           0%         3d4*      99%         5
 Lightning Bolt           Conj/Air       0%         1d11      99%         5
 Metabolic Englaciation   Hex/Ice        0%         N/A       99%         5
 Summon Forest            Summ/Tloc      0%         N/A       99%         5
 Summon Mana Viper        Hex/Summ       1%         N/A       99%         5
 Yara's Violent Unravell  Hex/Tmut       2%         3d3       99%         5
 Death Channel            Necr           0%         N/A       100%        6
 Dispersal                Tloc           0%         N/A       100%        6
 Eringya's Noxious Bog    Tmut/Pois      2%         N/A       100%        6
 Simulacrum               Ice/Necr       0%         N/A       100%        6
 Monstrous Menagerie      Summ           0%         N/A       100%        7
 Summon Hydra             Summ           0%         N/A       100%        7
 Discord                  Hex            0%         N/A       100%        8
 Disjunction              Tloc           0%         N/A       100%        8


Dungeon Overview and Level Annotations

Branches:
Dungeon (15/15)            Temple (1/1) D:5            Lair (5/5) D:9
 Shoals (0/4) Lair:3        Snake (4/4) Lair:2        Slime (0/5) Lair:5
    Orc (2/2) D:12            Elf (0/3) Orc:2        Vaults (0/5) D:14
 Depths (0/4) D:15        Gauntlet (visited)

Altars:
Cheibriados
Dithmenos
Fedhas
Gozag
Hepliaklqana
Kikubaaqudgha
Makhleb
Okawaru
Qazlal
Ru
Sif Muna
Trog
Uskayaw
Vehumet
Wu Jian
Xom
Yredelemnul

Shops:
D:7 !   D:8 *   Orc:1 =   Orc:2 (*:[   Snake:2 (   Snake:3 *

Portals:
Trove: D:13 (give 2 scrolls of acquirement)

Annotations:
D:10 3 runed translucent doors, Gibbon's ghost, journeyman DsMo
D:13 3 runed translucent doors, Lassup's ghost, journeyman DjNe
Lair:5 exclusion: orange crystal statue
Snake:1 2 runed translucent doors, experimilk's ghost, journeyman TrGl
Orc:2 Rupert


Innate Abilities, Weirdness & Mutations

You frequently emit foul miasma when damaged in melee.
Your movements are less encumbered by armour. (ER -4)
Spells you cast may paralyse nearby enemies.
You punish those that try to bend your will. (Will+)
Your touch may irresistibly damage your foes and sap their willpower.


Message History

The naga ritualist's toxic aura wanes.
The anaconda grabs you. The anaconda closely misses you.
The anaconda constricts you.
You pummel the anaconda!! Your touch misses the anaconda.
The anaconda is moderately wounded.
You feel sick. The anaconda bites you!
You emit a cloud of foul miasma!
The anaconda constricts you.
The anaconda is engulfed in dark miasma.
The anaconda is poisoned.
The anaconda bites you but does no damage.
The anaconda constricts you.
You pummel the anaconda!!
You touch the anaconda!
You sap its willpower!
Your punch misses the anaconda.
The anaconda is almost dead.
The anaconda is engulfed in dark miasma.
The anaconda looks even sicker.
The anaconda bites you! The anaconda constricts you.
You pummel the anaconda!!
You kill the anaconda!
Makhleb accepts your kill.
You feel better.
You feel sick. The naga ritualist spits poison at you.
The splash of poison hits you but does no damage.
Found a scroll of identify.
You feel sick.
The naga ritualist hits you but does no damage.
The naga ritualist misses you.
You see here an anaconda corpse.
You barely miss the naga ritualist.
You touch the naga ritualist!
You sap its willpower!
You punch the naga ritualist!
The naga ritualist is moderately wounded.
You feel sick.
You are no longer poisoned.
The naga ritualist hits you but does no damage.
The naga ritualist completely misses you.
You pummel the naga ritualist!! Your touch misses the naga ritualist.
You punch the naga ritualist!
The naga ritualist is almost dead.
You pummel the naga ritualist!!
You kill the naga ritualist!
Makhleb accepts your kill.
You feel better.
You hit the black mamba. Your touch misses the black mamba.
The black mamba is lightly wounded.
The black mamba bites you.
You emit a cloud of foul miasma!
The black mamba is engulfed in dark miasma.
The black mamba barely misses you.
You closely miss the black mamba. You punch the black mamba!
The black mamba is heavily wounded.
The black mamba is engulfed in dark miasma.
The black mamba seems to slow down.
The black mamba closely misses you.
You hit the black mamba but do no damage.
Your touch misses the black mamba.
The black mamba is severely wounded.
The black mamba is no longer moving slowly.
The black mamba is engulfed in dark miasma.
The black mamba seems to slow down.
The black mamba closely misses you.
You closely miss the black mamba.
You touch the black mamba!
You sap its willpower!
The black mamba is almost dead.
The black mamba is no longer moving slowly.
The black mamba is engulfed in dark miasma.
The black mamba bites you but does no damage.
You barely miss the black mamba.
The black mamba is almost dead.
The naga mage hits you from afar with a +0 spear!
The black mamba is engulfed in dark miasma.
You kill the black mamba!
Makhleb accepts your kill.
You feel better. The anaconda grabs you. The anaconda barely misses you.
The anaconda constricts you. The naga mage closely misses you.
The anaconda bites you but does no damage.
The anaconda constricts you. The salamander closely misses you.
The naga mage hits you with a +0 spear.
You emit a cloud of foul miasma!
Things that are here:
a +0 long sword; a +0 robe; a naga corpse You punch the anaconda!
The anaconda is moderately wounded.
The anaconda bites you but does no damage.
The anaconda constricts you.
The naga mage is engulfed in dark miasma.
The naga mage is poisoned.
The naga mage seems to slow down.
The naga mage spits poison at you.
The splash of poison hits you but does no damage.
You resist. The salamander misses you.
You hit the anaconda.
The anaconda is moderately wounded.
The naga mage is no longer moving slowly.
The anaconda misses you. The anaconda constricts you.
The anaconda bites you but does no damage.
The anaconda constricts you.
You hit the anaconda but do no damage. Your touch misses the anaconda.
The anaconda is moderately wounded.
The naga mage is engulfed in dark miasma.
The naga mage completely misses you.
The salamander hits you but does no damage.
The anaconda closely misses you. The anaconda constricts you.
You miss the anaconda.
The anaconda is moderately wounded.
The naga mage is engulfed in dark miasma.
The naga mage hits you with a +0 spear. The anaconda bites you.
You emit a cloud of foul miasma!
The anaconda constricts you. The salamander barely misses you.
You pummel the anaconda!! Your touch misses the anaconda.
Your punch misses the anaconda.
The anaconda is heavily wounded.
The naga mage is engulfed in dark miasma.
The naga mage seems to slow down.
The naga mage spits poison at you. The splash of poison misses you.
The anaconda is engulfed in dark miasma.
The anaconda is poisoned.
The anaconda seems to slow down.
The anaconda misses you. The anaconda constricts you.
You are too injured to fight recklessly!
You are too injured to fight recklessly!
You are too injured to fight recklessly!
You are too injured to fight recklessly!
You are too injured to fight recklessly!
You are too injured to fight recklessly!
You are too injured to fight recklessly!
You are too injured to fight recklessly!
You are too injured to fight recklessly!
You are too injured to fight recklessly!
You are too injured to fight recklessly!
You are too injured to fight recklessly!
You are too injured to fight recklessly!
You are too injured to fight recklessly!
You are too injured to fight recklessly!
You are too injured to fight recklessly!
You are too injured to fight recklessly!
You are too injured to fight recklessly!
You are too injured to fight recklessly!
You hit the naga mage. Your touch misses the naga mage.
The naga mage is heavily wounded.
The anaconda is engulfed in dark miasma.
The anaconda looks even sicker.
The anaconda seems to slow down.
The anaconda misses you. The anaconda constricts you.
The naga mage is engulfed in dark miasma.
The naga mage seems to slow down.
The naga mage hits you but does no damage.
The salamander hits you but does no damage.
You barely miss the naga mage.
You touch the naga mage.
You sap its willpower!
You punch the naga mage, but do no damage.
The naga mage is severely wounded.
The anaconda is engulfed in dark miasma.
The anaconda looks even sicker.
The anaconda bites you but does no damage.
The anaconda constricts you. The salamander hits you.
You are engulfed in flames!
You resist.
The naga mage is engulfed in dark miasma.
The naga mage barely misses you.
You hit the anaconda but do no damage.
The anaconda is severely wounded.
The naga mage is no longer moving slowly.
The anaconda is no longer moving slowly.
The anaconda is engulfed in dark miasma.
The anaconda looks as sick as possible!
The anaconda seems to slow down.
The anaconda completely misses you. The anaconda constricts you.
The naga mage is engulfed in dark miasma.
The naga mage closely misses you.
The salamander hits you but does no damage.
You closely miss the naga mage. Your punch misses the naga mage.
The naga mage is almost dead.
The anaconda is engulfed in dark miasma.
The anaconda looks as sick as possible!
The anaconda completely misses you. The anaconda constricts you.
You punch the anaconda!
You kill the anaconda!
Makhleb accepts your kill.
You feel better. The naga mage barely misses you. The naga mage grabs you.
The naga mage constricts you. The salamander closely misses you.
You escape the naga mage's grasp.
The salamander attacks as you move away!
The salamander hits you but does no damage.
The naga mage spits poison at you.
The splash of poison hits you but does no damage.
You resist.
You see here an anaconda corpse.
You barely miss the salamander. You punch the salamander.
The salamander is lightly wounded.
The naga mage points at the naga and mumbles some strange words.
The naga seems to grow toxic.
The salamander closely misses you.
You pummel the salamander!!
The salamander is heavily wounded.
The naga mage hits you but does no damage.
You hit the salamander but do no damage.
The salamander is heavily wounded.
The naga mage hits you from afar with a +0 spear.
The salamander hits you but does no damage.
You punch the salamander!
The salamander is almost dead.
The naga mage hits you but does no damage.
The naga mage misses you.
The salamander hits you but does no damage.
You pummel the salamander!!
You kill the salamander!
Makhleb accepts your kill.
You feel better. The naga spits poison at you. The splash of poison misses you.
The naga mage misses you.
The naga mage looks more healthy.
The naga mage spits poison at you.
The splash of poison hits you but does no damage.
You resist. The naga misses you. The naga barely misses you.
Items here: )) [ †.
You pummel the naga!!
You kill the naga!
Makhleb accepts your kill.
You feel better. The naga mage hits you with a +0 spear!
The naga mage grabs you. The naga mage constricts you.
You punch the naga mage!
You kill the naga mage!
Makhleb accepts your kill.
You feel better.
Key pressed, stopping explore.
Things that are here:
a +0 war axe; a naga corpse Your pack is full.
You see here a scroll of identify.
Your pack is full.
You see here a scroll of identify.
Could not pick up a scroll of identify here; ([A]lways) ignore it? [Y]es, [N]o, or [A]lways only, please.
Could not pick up a scroll of identify here; ([A]lways) ignore it?
Okay, then.
As you read the scroll of identify, it crumbles to dust.
t - 3 potions of brilliance You now have 2460 gold pieces (gained 19).
c - 7 potions of curing (gained 1)
Found a stone staircase leading up.
You drop a +0 scale mail of poison resistance.
Okay, then.
Unknown command.
A naga comes into view. It is wielding a +0 hand axe.
The naga shouts!
You hear a shout!
A naga is nearby!
A naga is nearby!
A naga is nearby!
The naga spits poison at you. The splash of poison misses you.
A naga warrior comes into view. It is wielding a +3 trident.
A naga comes into view. It is wielding a +0 hand axe.
Found a trident.
The naga shouts!
The naga warrior spits poison at you.
The splash of poison hits you but does no damage.
You are poisoned.
You resist.
A naga ritualist comes into view. It is wielding a +1 mace of draining.
The naga ritualist shouts!
You feel sick.
There is a stone staircase leading up here.
You feel sick.
You feel sick. The naga spits poison at you. The splash of poison misses you.
You feel sick.
You feel sick. The naga spits poison at you.
The splash of poison hits you but does no damage.
You resist.
There is a stone staircase leading up here.
You feel sick.
You are no longer poisoned.
The naga closely misses you. The naga grabs you. The naga constricts you.
You pummel the naga!! Your touch misses the naga.
The naga is almost dead.
The naga hits you but does no damage.
The naga warrior roars a battlecry!
The nagas go into a battle-frenzy!
The naga ritualist prays to its god.
The naga ritualist begins to radiate toxic energy.
You punch the naga!
You kill the naga!
Makhleb accepts your kill.
You feel better.
The naga warrior hits you from afar with a +3 trident!
You punch the naga!
You touch the naga.
You sap its willpower!
The naga is almost dead.
You are poisoned.
You hit the naga. Your touch misses the naga.
The naga is almost dead.
You feel sick.
The naga warrior hits you from afar with a +3 trident.
The naga spits poison at you.
The splash of poison hits you but does no damage.
You are more poisoned.
You resist.
You hit the naga but do no damage.
The naga is almost dead.
You feel sick.
The naga warrior hits you from afar with a +3 trident.
You hit the naga.
You kill the naga!
Makhleb accepts your kill.
You feel better.
You feel sick.
You feel sick.
The naga warrior hits you with a +3 trident.
The naga warrior grabs you. The naga warrior constricts you.
The naga ritualist hits you with a +1 mace of draining!!
You feel drained.
You emit a cloud of foul miasma!
You see here a +0 hand axe.
You are too injured to fight recklessly!
You are too injured to fight recklessly!
You are too injured to fight recklessly!
You are too injured to fight recklessly!
You are too injured to fight recklessly!
You are too injured to fight recklessly!
You are too injured to fight recklessly!
You are too injured to fight recklessly!
You are too injured to fight recklessly!
You are too injured to fight recklessly!
You are too injured to fight recklessly!
You are too injured to fight recklessly!
You are too injured to fight recklessly!
You are too injured to fight recklessly!
You are too injured to fight recklessly!
You are too injured to fight recklessly!
You are too injured to fight recklessly!
You are too injured to fight recklessly!
You are too injured to fight recklessly!
You escape the naga warrior's grasp.
You feel sick.
You are more poisoned.
The naga ritualist's toxic aura wanes.
The naga ritualist is engulfed in dark miasma.
The naga ritualist is poisoned.
The naga warrior hits you from afar with a +3 trident!
* * * LOW HITPOINT WARNING * * *
You feel sick.
There is a stone staircase leading up here.
Okay, then.
You feel sick. The naga warrior completely misses you.
You climb upwards.
You feel sick.
There is a stone staircase leading down here.
You barely miss the naga ritualist.
You touch the naga ritualist!
You sap its willpower!
The naga ritualist is moderately wounded.
The naga ritualist closely misses you.
The naga ritualist completely misses you.
You hit the naga ritualist.
You touch the naga ritualist!
You sap its willpower!
The naga ritualist is heavily wounded.
You feel sick.
The naga ritualist utters an invocation to its god.
The naga ritualist begins to radiate toxic energy.
* * * LOW HITPOINT WARNING * * *
You are more poisoned.
You hit the naga ritualist but do no damage.
The naga ritualist is heavily wounded.
You feel sick. The naga ritualist closely misses you.
The naga ritualist misses you.
You punch the naga ritualist!
You touch the naga ritualist!
You sap its willpower!
The naga ritualist is almost dead.
You feel sick.
You punch the naga ritualist!
You kill the naga ritualist!
Makhleb accepts your kill.
You feel better.
You feel sick.
You feel sick.
Things that are here:
a +1 mace of draining; a +0 robe You feel sick.
You start resting.
You feel sick. x2
You are no longer poisoned.
Things that are here:
a +1 mace of draining; a +0 robe
There is a stone staircase leading down here.
You start resting.
You start resting.
HP restored.
There is a stone staircase leading down here.
You climb downwards.
There is a stone staircase leading up here.
You climb upwards.
There is a stone staircase leading down here.
Unknown command.
You climb downwards.
The naga warrior spits poison at you.
The splash of poison hits you but does no damage.
You are poisoned.
You resist.
There is a stone staircase leading up here.
You feel very sick.
You feel sick.
Things that are here:
a +0 robe; a +0 hand axe; a naga skeleton You feel sick.
The naga warrior closely misses you. The naga warrior misses you.
The naga warrior blocks your attack.
Your punch misses the naga warrior.
You feel sick.
The naga warrior hits you with a +3 trident.
The naga warrior grabs you. The naga warrior constricts you.
The naga warrior blocks your attack. x2
The naga warrior hits you but does no damage.
The naga warrior constricts you. The naga warrior blocks your attack.
You feel sick. The naga warrior blocks your attack.
You feel sick. The naga warrior spits poison at you.
The splash of poison hits you.
You are more poisoned.
You resist. The naga warrior constricts you.
You pummel the naga warrior!!
The naga warrior is moderately wounded.
You feel sick.
The naga warrior hits you with a +3 trident!
You emit a cloud of foul miasma!
The naga warrior constricts you. The naga warrior blocks your attack.
You punch the naga warrior!
The naga warrior is heavily wounded.
You feel sick.
You closely miss the naga warrior.
The naga warrior is heavily wounded.
You feel sick.
The naga warrior is engulfed in dark miasma.
The naga warrior seems to slow down.
The naga warrior closely misses you. The naga warrior constricts you!
You are too injured to fight recklessly!
You are too injured to fight recklessly!
You are too injured to fight recklessly!
You are too injured to fight recklessly!
You are too injured to fight recklessly!
You are too injured to fight recklessly!
You are too injured to fight recklessly!
You are too injured to fight recklessly!
You are too injured to fight recklessly!
You are too injured to fight recklessly!
You are too injured to fight recklessly!
You are too injured to fight recklessly!
You are too injured to fight recklessly!
A naga warrior is nearby!
The naga warrior blocks your attack.
The naga warrior is heavily wounded.
You feel sick. The naga warrior blocks your attack.
The naga warrior is heavily wounded.
The naga warrior is no longer moving slowly.
The naga warrior is engulfed in dark miasma.
The naga warrior is poisoned.
The naga warrior hits you with a +3 trident!
The naga warrior constricts you.
You pummel the naga warrior!! Your touch misses the naga warrior.
The naga warrior is almost dead.
You feel sick.
The naga warrior is engulfed in dark miasma.
You kill the naga warrior!
Makhleb accepts your kill.
You feel sick.
Things that are here:
a +3 trident; a +0 tower shield You feel sick.
You feel sick.
You are no longer poisoned.
Key pressed, stopping explore.
Key pressed, stopping explore.
HP restored.
A naga comes into view. It is wielding a +0 glaive.
The naga shouts!
You hear a shout! x3
A naga comes into view. It is wielding a +0 dire flail.
A naga warrior comes into view. It is wielding a +0 trident.
A naga warrior comes into view.
It is wielding a +0 mace and wearing a +2 kite shield of fire resistance.
A salamander comes into view. It is wielding a +1 trident.
A naga comes into view. It is wielding a +0 war axe.
There are monsters nearby!
There are monsters nearby!
A guardian serpent comes into view.
The naga spits poison at you.
The splash of poison hits you but does no damage.
You are poisoned.
You resist.
You feel sick.
You feel sick.
You feel sick.
The naga warrior roars a battlecry!
The naga goes into a battle-frenzy!
You feel sick.
You feel sick.
You are no longer poisoned.
A salamander comes into view. It is wielding a +0 trident.
You hit the naga. Your touch misses the naga.
The naga is lightly wounded.
The naga misses you. x2
The naga misses you.
The naga warrior roars a battlecry!
You hear a shout!
The naga hits you with a +0 glaive!!
You emit a cloud of foul miasma!
The naga misses you.
You barely miss the naga.
The naga is lightly wounded.
The naga is engulfed in dark miasma.
The naga misses you. The naga barely misses you.
The naga is engulfed in dark miasma.
The naga misses you.
The naga is engulfed in dark miasma.
The naga spits poison at you.
The splash of poison hits you but does no damage.
You resist.
The guardian serpent casts a spell at you.
The naga blinks into view!
The naga warrior blinks!
The naga is engulfed in dark miasma.
The naga is poisoned.
The naga warrior blocks your attack.
Your touch misses the naga warrior. You punch the naga warrior.
The naga warrior is lightly wounded.
The naga no longer looks unusually strong.
The naga warrior hits you but does no damage.
The naga warrior grabs you. The naga warrior constricts you.
The naga misses you.
You punch the naga warrior!
The naga warrior is moderately wounded.
The naga hits you with a +0 dire flail!!
You emit a cloud of foul miasma!
The naga warrior completely misses you. The naga warrior constricts you.
You pummel the naga warrior!! The naga warrior blocks your attack.
The naga warrior is heavily wounded.
You pummel the naga warrior!!
The naga warrior is severely wounded.
The naga no longer looks unusually strong.
The naga warrior spits poison at you. The splash of poison hits you.
You resist. The naga warrior constricts you.
The naga is engulfed in dark miasma.
The naga is poisoned.
The naga seems to slow down.
The naga spits poison at you. The splash of poison misses you.
The splash of poison hits the naga warrior.
The naga barely misses you.
The naga warrior roars a battlecry!
The nagas go into a battle-frenzy!
You pummel the naga warrior!!
You kill the naga warrior!
Makhleb accepts your kill.
The naga is engulfed in dark miasma.
The naga hits you with a +0 dire flail!!
The naga grabs you. The naga constricts you.
You are too injured to fight recklessly!
You are too injured to fight recklessly!
You are too injured to fight recklessly!
You are too injured to fight recklessly!
You are too injured to fight recklessly!
You are too injured to fight recklessly!
You are too injured to fight recklessly!
You are too injured to fight recklessly!
You are too injured to fight recklessly!
You are too injured to fight recklessly!
You are too injured to fight recklessly!
You are too injured to fight recklessly!
You punch the naga!
You kill the naga!
Makhleb accepts your kill.
You feel better.
The naga no longer looks unusually strong.
The salamander no longer looks unusually strong.
The salamander hits you with a +0 trident.
You are engulfed in flames.
You resist.
* * * LOW HITPOINT WARNING * * *
You emit a cloud of foul miasma!
The naga misses you.
The naga warrior roars a battlecry!
The nagas go into a battle-frenzy!
Things that are here:
a +0 dire flail; a +0 robe; a naga corpse You pummel the salamander!!
Your touch misses the salamander.
The salamander is heavily wounded.
You kill the naga!
Makhleb accepts your kill.
The salamander is engulfed in dark miasma.
The salamander is poisoned.
The salamander hits you but does no damage.
You punch the salamander! Your touch misses the salamander.
The salamander is severely wounded.
You punch the salamander!
You touch the salamander!
You kill the salamander!
Makhleb accepts your kill.
You feel better.
Your life force feels restored.
The guardian serpent coils itself and waves its upper body at you.
The naga blinks!
Things that are here:
a +0 trident; a salamander corpse You barely miss the guardian serpent.
The guardian serpent closely misses you.
The naga completely misses you. The naga closely misses you.
You punch the guardian serpent! Your punch misses the guardian serpent.
The guardian serpent is heavily wounded.
The guardian serpent barely misses you.
A naga warrior comes into view. It is wielding a +0 battleaxe.
The naga misses you. x2
You miss the guardian serpent.
You touch the guardian serpent!
You sap its willpower!
The guardian serpent is heavily wounded.
The guardian serpent coils itself and waves its upper body at you.
The bolt of poison hits you.
You are poisoned.
You resist.
The bolt of poison hits the naga.
The naga warrior barely misses you.
You pummel the guardian serpent!!
You kill the guardian serpent!
Makhleb accepts your kill.
You feel sick. The naga closely misses you. The naga misses you.
You feel sick.
The naga warrior no longer looks unusually strong.
The naga warrior completely misses you. x2
Things that are here:
a +0 glaive; a guardian serpent corpse You pummel the naga warrior!!
Your touch misses the naga warrior.
The naga warrior is heavily wounded.
You feel sick.
The naga warrior roars a battlecry!
You hit the naga warrior. Your punch misses the naga warrior.
The naga warrior is heavily wounded.
You feel sick.
The naga warrior hits you with a +0 trident!!
* * * LOW HITPOINT WARNING * * *
The naga warrior misses you.
You pummel the naga warrior!! Your touch misses the naga warrior.
The naga warrior is almost dead.
You feel sick.
The naga warrior roars a battlecry!
The naga warrior goes into a battle-frenzy!
You punch the naga warrior!
You kill the naga warrior!
Makhleb accepts your kill.
You feel better.
You feel sick. The naga hits you with a +0 war axe!
* * * LOW HITPOINT WARNING * * *
The naga completely misses you. The naga warrior spits poison at you.
The splash of poison misses you.
The splash of poison hits the naga.
The naga is poisoned.
You hit the naga.
You touch the naga.
You sap its willpower!
The naga is heavily wounded.
You feel sick.
You closely miss the naga.
The naga is heavily wounded.
The naga spits poison at you. The splash of poison misses you.
The splash of poison hits the naga warrior.
The naga warrior is poisoned.
You punch the naga!
You kill the naga!
Makhleb accepts your kill.
You feel better.
You feel sick.
You feel sick.
Items here: )) ††.
You feel sick.
You are no longer poisoned.
Things that are here:
a +0 dire flail; a +0 robe; a naga corpse The naga warrior looks more healthy.
Things that are here:
a +0 mace; a +0 robe; a +2 kite shield of fire resistance The naga warrior no longer looks unusually strong.
Things that are here:
a +0 robe; a +0 hand axe
There is a stone staircase leading up here.
The naga warrior roars a battlecry!
You climb upwards.
There is a stone staircase leading down here.
You start resting.
You start resting.
HP restored.
You climb downwards.
There is a stone staircase leading up here.
The naga warrior spits poison at you.
The splash of poison hits you but does no damage.
You resist.
The salamander hits you but does no damage.
Things that are here:
a +0 robe; a +0 hand axe You pummel the naga warrior!!
You punch the naga warrior!
The naga warrior is heavily wounded.
The naga warrior hits you with a +0 battleaxe!!
The naga warrior closely misses you.
You hit the naga warrior but do no damage.
You touch the naga warrior!
You sap its willpower!
The naga warrior is severely wounded.
The salamander hits you from afar with a +1 trident.
You are engulfed in flames.
You resist.
You closely miss the naga warrior. Your touch misses the naga warrior.
The naga warrior is severely wounded.
The naga warrior barely misses you. The naga warrior misses you.
The salamander hits you but does no damage.
You punch the naga warrior!
The naga warrior is almost dead.
The naga warrior hits you with a +0 battleaxe!
The naga warrior grabs you. The naga warrior constricts you.
You pummel the naga warrior!!
You kill the naga warrior!
Makhleb accepts your kill.
You feel better. The salamander misses you. The salamander closely misses you.
Things that are here:
a +0 battleaxe; a +0 robe; a naga corpse You barely miss the salamander.
You punch the salamander!
The salamander is lightly wounded.
The salamander completely misses you.
You pummel the salamander!!
You touch the salamander!
You sap its willpower!
The salamander is severely wounded.
The salamander closely misses you.
You hit the salamander but do no damage.
The salamander is severely wounded.
You punch the salamander!
You kill the salamander!
Makhleb accepts your kill.
Your Dodging skill increases to level 8!
No target in view!
No target in view!
No target in view!
No target in view!
No target in view!
No target in view!
No target in view!
No target in view!
No target in view!
No target in view!
Key pressed, stopping explore.
HP restored.
Things that are here:
a +1 trident; a +0 tower shield; a +3 trident
Things that are here:
a +0 battleaxe; a +0 robe; a naga corpse
Things that are here:
a +0 robe; a +0 hand axe
There is a stone staircase leading up here.
You now have 2469 gold pieces (gained 9).
As you open the door, it creaks loudly! 2 salamanders come into view.
There are monsters nearby!
There are monsters nearby!
The salamander hits you with a +0 trident!
You are engulfed in flames.
You resist. The salamander misses you.
There is an open door, spattered with blood here.
You punch the salamander!
The salamander is moderately wounded.
The salamander hits you with a +0 trident.
You are engulfed in flames!
You resist.
You emit a cloud of foul miasma!
A salamander comes into view. It is wielding a +0 glaive.
You punch the salamander!
The salamander is moderately wounded.
The salamander completely misses you.
You punch the salamander!
The salamander is heavily wounded.
The salamander is engulfed in dark miasma.
The salamander is poisoned.
The salamander seems to slow down.
The salamander barely misses you. The salamander closely misses you.
You hit the salamander.
The salamander is severely wounded.
The salamander is no longer moving slowly.
The salamander is engulfed in dark miasma.
The salamander looks even sicker.
The salamander seems to slow down.
The salamander hits you but does no damage.
You pummel the salamander!!
You kill the salamander!
Makhleb accepts your kill.
You feel better. The salamander completely misses you.
The salamander hits you with a +0 halberd.
You are engulfed in flames.
You resist.
You emit a cloud of foul miasma!
The salamander hits you but does no damage.
You pummel the salamander!! You punch the salamander!
The salamander is heavily wounded.
The salamander is engulfed in dark miasma.
The salamander is poisoned.
The salamander hits you but does no damage.
The salamander barely misses you.
You pummel the salamander!!
You touch the salamander.
You kill the salamander!
Makhleb accepts your kill.
You hear a sizzling splash.
The salamander hits you from afar with a +0 glaive.
You are engulfed in flames.
You resist.
The salamander hits you but does no damage.
You pummel the salamander!!
The salamander is moderately wounded.
The salamander hits you with a +0 glaive!
You are engulfed in flames.
You resist.
You are too injured to fight recklessly!
You are too injured to fight recklessly!
You barely miss the salamander.
The salamander is moderately wounded.
The salamander hits you with a +0 glaive!
You are engulfed in flames.
You resist.
You hit the salamander.
You touch the salamander!
You sap its willpower!
The salamander is heavily wounded.
The salamander hits you but does no damage.
You hit the salamander.
You touch the salamander!
You sap its willpower!
The salamander is almost dead.
You pummel the salamander!!
You kill the salamander!
Makhleb accepts your kill.
You hear a sizzling splash.
Why would you want to do that?
You start resting.
HP restored.
A salamander comes into view. It is wielding a +0 spear.
A salamander is nearby!
A salamander is nearby!
A salamander is nearby!
A naga and a lindwurm come into view.
The lindwurm roars!
You hear a roar!
The lindwurm breathes flames at you. The blast of flame misses you.
The naga spits poison at you. The splash of poison misses you.
Things that are here:
a +0 trident; a salamander corpse The salamander hits you from afar with a +0 spear.
You are engulfed in flames!
You resist.
You hit the salamander.
You touch the salamander!
You sap its willpower!
The salamander is moderately wounded.
The salamander misses you. The naga spits poison at you.
The splash of poison hits you but does no damage.
You resist.
You punch the salamander!
The salamander is heavily wounded.
The lindwurm breathes flames at you. The blast of flame hits you! You resist.
The naga spits poison at you.
The splash of poison hits you but does no damage.
You resist.
The salamander hits you with a +0 spear.
You are engulfed in flames.
You resist.
You emit a cloud of foul miasma!
You pummel the salamander!! You punch the salamander!
The salamander is almost dead.
The salamander is engulfed in dark miasma.
The salamander is poisoned.
You kill the salamander!
Makhleb accepts your kill.
You feel better.
You barely miss the lindwurm. The naga barely misses you. x2
You pummel the lindwurm!!
You touch the lindwurm!
You sap its willpower!
You punch the lindwurm.
The lindwurm is almost dead.
The lindwurm misses you.
The lindwurm claws you but does no damage. x2
The naga hits you with a +0 halberd. The naga closely misses you.
You barely miss the lindwurm. You punch the lindwurm.
The lindwurm is almost dead.
The lindwurm barely misses you. The lindwurm closely misses you. x2
You closely miss the lindwurm.
The lindwurm is almost dead.
The naga closely misses you. x2
You pummel the lindwurm!!
You kill the lindwurm!
Makhleb accepts your kill.
You feel better.
You punch the naga!
The naga is moderately wounded.
The naga spits poison at you. The splash of poison misses you.
You pummel the naga!!
You kill the naga!
Makhleb accepts your kill.
You feel better.
No target in view!
No target in view!
No target in view!
No target in view!
No target in view!
No target in view!
No target in view!
No target in view!
No target in view!
No target in view!
No target in view!
No target in view!
No target in view!
No target in view!
No target in view!
A salamander comes into view.
A salamander is nearby!
The salamander wields a +0 shortbow of flaming.
It bursts into flame!
The salamander shoots an arrow.
The arrow misses you.
You see here a +0 halberd.
The salamander shoots an arrow.
The arrow hits you but does no damage.
A salamander tyrant comes into view.
The salamander shoots an arrow.
The arrow hits you but does no damage.
You hear a roar!
A salamander tyrant and a salamander mystic come into view.
The salamander shoots an arrow.
The arrow hits you but does no damage.
A lindwurm comes into view.
The salamander tyrant gazes fiercely through you!
You feel your attacks grow feeble.
The lindwurm roars!
You hit the salamander mystic.
The salamander mystic is lightly wounded.
You hear a roar!
You hear a shout!
The salamander mystic misses you.
The salamander tyrant gazes fiercely through you!
You feel as though you will be weak longer.
You punch the salamander mystic!
The salamander mystic is moderately wounded.
The salamander mystic points at you and mumbles some strange words.
The bolt of magma hits you!! You partially resist.
You punch the salamander mystic!
The salamander mystic is heavily wounded.
The salamander tyrant gazes fiercely through you!
You feel as though you will be weak longer.
The salamander tyrant hits you but does no damage.
The lindwurm breathes flames at you.
The blast of flame hits the salamander tyrant.
The salamander tyrant completely resists.
The blast of flame misses you.
You hit the salamander mystic.
You touch the salamander mystic!
You sap its willpower!
The salamander mystic is severely wounded.
The salamander mystic misses you.
The salamander tyrant gazes fiercely through you!
You feel as though you will be weak longer.
The salamander tyrant hits you!
You are engulfed in flames!
You resist.
You emit a cloud of foul miasma!
The salamander tyrant misses you.
You are too injured to fight recklessly!
You are too injured to fight recklessly!
You are too injured to fight recklessly!
You are too injured to fight recklessly!
You are too injured to fight recklessly!
You are too injured to fight recklessly!
You are too injured to fight recklessly!
You are too injured to fight recklessly!
You are too injured to fight recklessly!
You are too injured to fight recklessly!
You are too injured to fight recklessly!
You are too injured to fight recklessly!
You are too injured to fight recklessly!
You are too injured to fight recklessly!
You are too injured to fight recklessly!
The lindwurm breathes flames at you.
The blast of flame hits the salamander tyrant.
The salamander tyrant completely resists.
The blast of flame misses you.
The salamander tyrant is engulfed in dark miasma.
The salamander tyrant is poisoned.
The salamander tyrant attacks as you move away!
The salamander tyrant hits you but does no damage.
The salamander tyrant gazes fiercely through you!
You feel as though you will be weak longer.
The salamander tyrant calls gouts of flame from the lava!
The flame surge hits you!! You resist.
* * * LOW HITPOINT WARNING * * *
The salamander tyrant calls gouts of flame from the lava!
The flame surge hits you!! You resist.
* * * LOW HITPOINT WARNING * * *
You see here a lindwurm corpse.
The salamander mystic attacks as you move away!
The salamander mystic hits you with a +0 quarterstaff!
* * * LOW HITPOINT WARNING * * *
You are engulfed in flames.
You resist.
* * * LOW HITPOINT WARNING * * *
The salamander tyrant gazes fiercely through you!
You feel as though you will be weak longer.
You see here a +0 spear.
As you read the scroll of fear, it crumbles to dust.
You assume a fearsome visage.
The salamander tyrant resists with almost no effort.
The lindwurm looks frightened!
The salamander tyrant easily resists.
The salamander mystic looks frightened!
The salamander looks frightened!
The salamander tyrant calls gouts of flame from the lava!
The flame surge hits you! You resist.
* * * LOW HITPOINT WARNING * * *
You feel much better.
The salamander tyrant looks more healthy.
The salamander tyrant calls gouts of flame from the lava!
The flame surge hits you!! You resist.
* * * LOW HITPOINT WARNING * * *
You feel much better.
The salamander tyrant calls gouts of flame from the lava!
The flame surge hits you! You resist.
* * * LOW HITPOINT WARNING * * *
The salamander tyrant gazes fiercely through you!
You feel as though you will be weak longer.
You feel much better.
The salamander tyrant hits you but does no damage.
The salamander tyrant gazes fiercely through you!
You feel as though you will be weak longer.
The salamander tyrant completely misses you.
You barely miss the salamander tyrant.
You touch the salamander tyrant!
You sap its willpower!
You punch the salamander tyrant!
The salamander tyrant is heavily wounded.
The salamander tyrant closely misses you.
You punch the salamander tyrant!
Your touch misses the salamander tyrant.
The salamander tyrant is severely wounded.
The salamander tyrant hits you.
* * * LOW HITPOINT WARNING * * *
You are engulfed in flames!
You resist.
* * * LOW HITPOINT WARNING * * *
Okay, then.
You feel much better.
The salamander tyrant calls gouts of flame from the lava!
The flame surge hits you!! You resist.
* * * LOW HITPOINT WARNING * * *
The salamander tyrant misses you.
You feel very mighty all of a sudden.
The salamander tyrant completely misses you.
The salamander tyrant calls gouts of flame from the lava!
The flame surge hits you! You resist.
* * * LOW HITPOINT WARNING * * *
You barely miss the salamander tyrant.
You touch the salamander tyrant!
You sap its willpower!
The salamander tyrant is almost dead.
The salamander tyrant gazes fiercely through you!
You feel as though you will be weak longer.
The salamander tyrant hits you.
* * * LOW HITPOINT WARNING * * *
You are engulfed in flames!
You resist.
You die...

###.........#.....≈§≈
#....#.....##..≈≈≈≈≈
####.#.......##...≈§≈≈≈
#.......#...##...≈≈≈###
#########..##..≈≈≈###
###.....##..§§≈##
##......##†)≈≈≈##
###.....###N.§§≈##
#.....####@N§§≈##
#####.# #..≈§≈##
#.###).≈≈≈# #...#'#####
###...# #####


You could see 2 salamander tyrants.

Vanquished Creatures
  Donald (Snake:3)
  Aizul (Snake:1)
  A minotaur (Gauntlet)
  Snorg (D:10)
  A fire dragon (Lair:5)
  3 ettins (Orc:2)
  Josephine (D:15)
  A salamander tyrant (Snake:3)
  4 hydras
  2 catoblepae
  A radroach (shapeshifter) (D:13)
  12 anacondas
  4 boulder beetles
  5 two-headed ogres
  3 centaur warriors
  11 naga warriors
  A tengu warrior (D:12)
  6 naga sharpshooters
  Urug (D:11)
  3 shock serpents
  A salamander mystic (Snake:1)
  8 skeletal warriors
  2 glowing orange brains (Gauntlet)
  6 naga ritualists
  2 wizards (D:15)
  A necromancer (D:15)
  An orange crystal statue (Gauntlet)
  4 orc knights
  25 ugly things
  2 deep elf pyromancers (D:15)
  2 lindwurms
  13 mana vipers
  21 salamanders
  14 cyclopes
  A faun (shapeshifter) (D:13)
  27 black mambas
  17 elephants
  3 guardian serpents
  2 molten gargoyles (Lair:5)
  2 centaur zombies (D:15)
  15 naga magi
  10 cane toads
  A gargoyle (D:10)
  An unseen horror (D:12)
  7 rime drakes
  2 efreet (D:14)
  A guardian mummy (D:13)
  A freezing wraith (D:14)
  11 komodo dragons
  A tengu conjurer (D:12)
  7 trolls
  3 polar bears
  A hornet (shapeshifter) (D:14)
  12 blink frogs
  A hornet (D:11)
  13 slime creatures
  A meliai zombie (D:15)
  14 dream sheep (Lair:5)
  A centaur simulacrum (D:15)
  2 shadows (D:11)
  3 wraiths (D:15)
  34 yaks
  7 wyverns
  4 basilisks
  A fire elemental (Snake:2)
  4 steam dragons
  4 vampire mosquitoes (D:13)
  6 wargs
  29 nagas
  3 acid dragons
  5 hell hounds (Lair:5)
  12 water moccasins
  3 sky beasts (D:8)
  4 ice beasts
  20 orc warriors
  3 black bears
  14 wolves
  2 ogres
  13 centaurs
  3 kobold brigands
  11 bullfrogs
  4 gnoll sergeants
  A necrophage (D:7)
  3 scorpions (D:5)
  4 killer bees
  2 howler monkeys
  4 lava snakes (Lair:5)
  4 hounds
  A jelly (D:5)
  14 orc priests
  2 gnoll boudas
  3 iguanas
  29 orc wizards
  4 hell rats (Lair:5)
  30 gnolls
  7 adders
  A shadow imp (D:6)
  A white imp (D:6)
  3 worms
  75 orcs
  8 ball pythons
  6 endoplasms
  4 giant cockroaches
  8 goblins
  6 hobgoblins
  2 jackals (D:2)
  13 kobolds
  4 quokkas
  4 bats
  A frilled lizard (D:1)
  A rat (D:1)
756 creatures vanquished.

Vanquished Creatures (collateral kills)
  Azrael (Snake:2)
  A salamander tyrant (Snake:2)
  An ogre mage (D:14)
  A deep elf pyromancer (D:14)
  4 salamanders (Snake:2)
  A black mamba (Snake:2)
  4 fire elementals (Snake:2)
  A naga (Snake:2)
  2 hell hounds (Snake:2)
16 creatures vanquished.

Vanquished Creatures (others)
  2 bushes (Lair:5)
  30 fungi
  23 plants
  20 withered plants (Gauntlet)
75 creatures vanquished.

Grand Total: 847 creatures vanquished

Notes
Turn   | Place    | Note
-------+----------+-------------------------------------------
     0 | D:1      | sleeves the Demonspawn Transmuter began the quest for the
                  | Orb.
     0 | D:1      | Reached XP level 1. HP: 15/15 MP: 3/3
    80 | D:1      | Reached skill level 3 in Unarmed Combat
   162 | D:1      | Gained mutation: Your touch may inflict minor irresistible
                  | damage on your foes. [demonic ancestry]
   162 | D:1      | Reached XP level 2. HP: 16/21 MP: 3/5
   796 | D:2      | Reached skill level 4 in Unarmed Combat
   796 | D:2      | Gained mutation: Spells you cast may paralyse adjacent
                  | enemies. [demonic ancestry]
   796 | D:2      | Reached XP level 3. HP: 26/26 MP: 4/6
   867 | D:2      | Identified the +7 quarterstaff of the Lurker {spect, Will++
                  | Int-3}
  1445 | D:2      | Gained mutation: Spells you cast may paralyse nearby
                  | enemies. [demonic ancestry]
  1445 | D:2      | Reached XP level 4. HP: 32/32 MP: 7/7
  1982 | D:3      | Found a faded altar of an unknown god.
  2578 | D:4      | Reached skill level 5 in Unarmed Combat
  2799 | D:4      | Reached XP level 5. HP: 35/37 MP: 8/8
  3119 | D:4      | Found an ornate altar of the Wu Jian Council.
  3274 | D:5      | Entered Level 5 of the Dungeon
  3368 | D:5      | Reached skill level 6 in Unarmed Combat
  3399 | D:5      | HP: 18/37 [iguana (12)]
  3401 | D:5      | Gained mutation: You may rarely emit foul miasma when
                  | damaged in melee. [demonic ancestry]
  3401 | D:5      | Reached XP level 6. HP: 20/43 MP: 7/9
  3404 | D:5      | HP: 16/43 [poisoned by a scorpion]
  3405 | D:5      | HP: 6/43 [iguana (9)]
  3576 | D:5      | HP: 20/43 [gnoll/+0 spear (5)]
  3675 | D:5      | Noticed a water moccasin
  3682 | D:5      | Killed a water moccasin
  3683 | D:5      | Reached skill level 7 in Unarmed Combat
  3877 | D:5      | Found a staircase to the Ecumenical Temple.
  3887 | Temple   | Entered the Ecumenical Temple
  3907 | Temple   | Became a worshipper of Makhleb the Destroyer
  3954 | D:5      | Reached skill level 1 in Invocations
  3954 | D:5      | Gained mutation: You sometimes emit foul miasma when
                  | damaged in melee. [demonic ancestry]
  3954 | D:5      | Reached XP level 7. HP: 45/48 MP: 10/10
  3958 | D:5      | Reached skill level 2 in Invocations
  4269 | D:5      | Reached skill level 3 in Invocations
  4771 | D:6      | Identified the +5 ring mail of Watchfulness {rF+ rC+ Str+2}
  4808 | D:6      | Reached skill level 4 in Invocations
  4884 | D:6      | Reached * piety under Makhleb
  4885 | D:6      | Reached skill level 8 in Unarmed Combat
  5250 | D:6      | Reached skill level 5 in Invocations
  5256 | D:6      | Gained mutation: Your touch may inflict irresistible damage
                  | on your foes. [demonic ancestry]
  5256 | D:6      | Reached XP level 8. HP: 53/54 MP: 11/11
  5533 | D:6      | Reached skill level 6 in Invocations
  5749 | D:7      | Found a bloodstained altar of Trog.
  5959 | D:7      | Reached skill level 7 in Invocations
  5978 | D:7      | Found Faacsul's Distillery.
  5999 | D:7      | Reached skill level 9 in Unarmed Combat
  6428 | D:8      | HP: 27/54 [poisoned by a gnoll]
  6433 | D:7      | HP: 21/54 [poisoned by a gnoll]
  6599 | D:8      | Found a stormy altar of Qazlal.
  6613 | D:8      | Reached skill level 8 in Invocations
  6716 | D:8      | Noticed a two-headed ogre
  6722 | D:8      | HP: 13/54 [two-headed ogre/+0 giant club (16)]
  6723 | D:8      | Killed a two-headed ogre
  6724 | D:8      | Reached skill level 9 in Invocations
  6724 | D:8      | Gained mutation: Your movements are slightly less
                  | encumbered by armour. (ER -2) [demonic ancestry]
  6724 | D:8      | Reached XP level 9. HP: 14/59 MP: 12/15
  6973 | D:8      | Noticed a cyclops
  6982 | D:8      | HP: 28/59 [centaur/arrow (3)]
  7130 | D:8      | Reached ** piety under Makhleb
  7140 | D:8      | Reached skill level 10 in Unarmed Combat
  7185 | D:8      | Reached skill level 10 in Invocations
  7266 | D:8      | HP: 29/59 [acid dragon (8)]
  7567 | D:8      | Reached skill level 11 in Invocations
  7618 | D:8      | Noticed a cyclops
  7630 | D:8      | HP: 12/59 [cyclops (18)]
  7632 | D:8      | Killed a cyclops
  7633 | D:8      | Reached XP level 10. HP: 24/65 MP: 16/18
  7641 | D:8      | Reached skill level 11 in Unarmed Combat
  7766 | D:8      | HP: 30/65 [cyclops/large rock (32)]
  7771 | D:8      | HP: 8/65 [cyclops/large rock (10)]
  7986 | D:8      | Killed a cyclops
  7987 | D:8      | Reached skill level 12 in Invocations
  8221 | D:8      | Found Afel's Alliterative Accessories.
  8231 | D:8      | Found a snail-covered altar of Cheibriados.
  8506 | D:9      | Found a shimmering blue altar of Sif Muna.
  8560 | D:9      | HP: 25/65 [yak (12)]
  8750 | D:9      | Found an opulent altar of Gozag.
  9017 | D:9      | Found a staircase to the Lair.
  9225 | D:9      | Reached *** piety under Makhleb
  9425 | D:9      | HP: 31/65 [troll (7)]
  9426 | D:9      | HP: 14/65 [troll (9)]
  9741 | D:10     | Entered Level 10 of the Dungeon
  9776 | D:10     | Found a runed translucent door.
  9776 | D:10     | Found a shimmering altar of Xom.
  9776 | D:10     | Noticed Gibbon's ghost (journeyman DsMo)
  9777 | D:10     | Noticed a +2 trident of chaos
  9835 | D:10     | HP: 27/65 [gnoll/+0 whip[a gnoll bouda] (8)]
  9839 | D:10     | Reached skill level 13 in Invocations
  9840 | D:10     | HP: 17/65 [gnoll/+0 halberd[a gnoll bouda] (1)]
  9847 | D:9      | HP: 11/65 [gnoll/+0 club[a gnoll bouda] (4)]
 10060 | D:10     | Noticed a gargoyle
 10067 | D:10     | Killed a gargoyle
 10315 | D:10     | Reached skill level 12 in Unarmed Combat
 10495 | D:10     | Found a large runed translucent door.
 10506 | D:10     | Found a large runed translucent door.
 10556 | D:10     | Found a hazy altar of Hepliaklqana.
 10646 | D:10     | Noticed Snorg
 10653 | D:10     | HP: 27/65 [Snorg (13)]
 10656 | D:10     | Killed Snorg
 10826 | D:11     | Noticed Urug
 10841 | D:11     | Killed Urug
 10842 | D:11     | Reached skill level 14 in Invocations
 10842 | D:11     | Gained mutation: You frequently emit foul miasma when
                  | damaged in melee. [demonic ancestry]
 10842 | D:11     | Reached XP level 11. HP: 59/70 MP: 19/21
 10938 | D:11     | Noticed Sonja
 10944 | D:11     | HP: 35/70 [Sonja/+2 short sword of venom (4)]
 10947 | D:11     | Sonja changed into Sonja the hornet
 10947 | D:11     | Noticed Sonja
 10951 | D:11     | Killed Sonja the hornet
 11299 | D:11     | Noticed a two-headed ogre
 11305 | D:11     | Killed a two-headed ogre
 11440 | D:11     | Reached **** piety under Makhleb
 11683 | D:11     | Noticed a boulder beetle
 11688 | D:11     | HP: 30/70 [boulder beetle (12)]
 11690 | D:11     | Killed a boulder beetle
 11803 | D:11     | Reached skill level 15 in Invocations
 12094 | D:12     | Noticed a tengu warrior
 12108 | D:12     | HP: 35/70 [tengu warrior/+0 battleaxe (5)]
 12109 | D:12     | HP: 17/70 [tengu warrior/+0 battleaxe (3)]
 12112 | D:12     | Killed a tengu warrior
 12113 | D:12     | Reached skill level 13 in Unarmed Combat
 12399 | D:12     | HP: 35/70 [something (4)]
 12521 | D:12     | HP: 31/70 [something (5)]
 12529 | D:12     | HP: 21/70 [something (8)]
 12687 | D:12     | HP: 34/70 [cyclops (24)]
 12696 | D:12     | HP: 34/70 [something (4)]
 12819 | D:12     | HP: 32/70 [yak (9)]
 12984 | D:12     | Found a staircase to the Orcish Mines.
 13086 | D:12     | Reached skill level 14 in Unarmed Combat
 13576 | Lair:1   | Entered Level 1 of the Lair of Beasts
 13769 | Lair:1   | HP: 34/70 [komodo dragon (16)]
 13772 | Lair:1   | Reached XP level 12. HP: 42/76 MP: 23/23
 14402 | Lair:2   | Reached skill level 15 in Unarmed Combat
 14430 | Lair:2   | Reached ***** piety under Makhleb
 14688 | Lair:2   | Found a staircase to the Snake Pit.
 14780 | Lair:2   | HP: 37/76 [wolf (8)]
 15252 | Lair:3   | Noticed a seven-headed hydra
 15260 | Lair:3   | Killed a seven-headed hydra
 15261 | Lair:3   | HP: 28/76 [rime drake/icy flash freeze (16)]
 15622 | Lair:3   | HP: 34/76 [yak (10)]
 15635 | Lair:3   | Reached skill level 16 in Unarmed Combat
 15899 | Lair:3   | Found a staircase to the Shoals.
 15906 | Lair:3   | Reached skill level 1 in Armour
 15911 | Lair:3   | Reached skill level 2 in Fighting
 16027 | Lair:3   | Noticed a six-headed hydra
 16034 | Lair:3   | HP: 39/78 [six-headed hydra (13)]
 16036 | Lair:3   | Killed a six-headed hydra
 16037 | Lair:3   | Reached skill level 2 in Armour
 16168 | Lair:3   | Reached skill level 3 in Fighting
 16324 | Lair:4   | Reached skill level 3 in Armour
 16413 | Lair:4   | Reached skill level 4 in Fighting
 16497 | Lair:4   | Noticed a catoblepas
 16508 | Lair:4   | Killed a catoblepas
 16602 | Lair:4   | Reached skill level 4 in Armour
 16674 | Lair:4   | HP: 42/84 [poisoned by a cane toad]
 16679 | Lair:4   | HP: 37/84 [poisoned by a cane toad]
 17063 | Lair:4   | Reached skill level 5 in Fighting
 17190 | Lair:4   | Gained mutation: Your movements are less encumbered by
                  | armour. (ER -4) [demonic ancestry]
 17190 | Lair:4   | Reached XP level 13. HP: 82/91 MP: 24/24
 17564 | Lair:4   | Reached skill level 5 in Armour
 17603 | Lair:5   | Entered Level 5 of the Lair of Beasts
 17629 | Lair:5   | Reached skill level 6 in Fighting
 17648 | Lair:5   | HP: 45/94 [poisoned by a water moccasin]
 17650 | Lair:5   | HP: 17/94 [blink frog (13)]
 17655 | Lair:5   | HP: 18/94 [poisoned by a water moccasin]
 17661 | Lair:4   | HP: 14/94 [poisoned by a water moccasin]
 17976 | Lair:5   | HP: 41/95 [elephant (8)]
 17980 | Lair:4   | HP: 20/95 [elephant (4)]
 17983 | Lair:4   | Reached skill level 6 in Armour
 17983 | Lair:4   | HP: 9/95 [elephant (10)]
 18309 | Lair:5   | Reached skill level 7 in Fighting
 18359 | Lair:5   | Found a staircase to the Slime Pits.
 18749 | Lair:5   | Reached skill level 7 in Armour
 18757 | Lair:5   | Reached skill level 8 in Fighting
 18812 | Lair:5   | HP: 49/98 [black mamba (1)]
 18817 | Lair:5   | HP: 41/98 [poisoned by a black mamba]
 18822 | Lair:5   | HP: 16/99 [polar bear (25)]
 18836 | Lair:5   | HP: 28/99 [dream sheep (12)]
 18878 | Lair:5   | HP: 34/99 [cane toad (17)]
 18900 | Lair:5   | HP: 40/99 [yak (2)]
 18915 | Lair:5   | HP: 48/99 [yak (2)]
 18920 | Lair:5   | HP: 34/100 [yak (9)]
 18923 | Lair:5   | Reached skill level 8 in Armour
 19331 | Lair:5   | Reached skill level 9 in Fighting
 19422 | Lair:5   | HP: 45/101 [komodo dragon (19)]
 19427 | Lair:5   | HP: 43/101 [komodo dragon (3)]
 19726 | Lair:5   | Found a large runed translucent door.
 19726 | Lair:5   | Noticed a fire dragon
 19884 | Lair:5   | Reached XP level 14. HP: 108/108 MP: 25/25
 19896 | Lair:5   | Found a large runed translucent door.
 20441 | Lair:5   | Identified the +8 dagger of Integrity {flame, rPois}
 20670 | D:9      | Reached skill level 9 in Armour
 20783 | Orc:1    | Entered Level 1 of the Orcish Mines
 20792 | Orc:1    | Reached skill level 10 in Fighting
 20872 | Orc:1    | Found Faguno's Jewellery Emporium.
 20905 | Orc:1    | HP: 54/110 [orc priest/divine providence (8)]
 20911 | Orc:1    | HP: 29/110 [orc priest/divine providence (15)]
 21188 | Orc:1    | Reached ****** piety under Makhleb
 21253 | Orc:1    | HP: 54/110 [orc warrior/+0 long sword (10)]
 21741 | Orc:2    | Entered Level 2 of the Orcish Mines
 21742 | Orc:2    | Found Hyiggaeg's Antique Armour Boutique.
 21750 | Orc:2    | HP: 46/111 [cyclops/large rock (29)]
 21751 | Orc:2    | HP: 12/111 [ettin/+0 dire flail (29)]
 22053 | Orc:2    | Noticed a stone giant
 22060 | Orc:2    | Found Deidyl's Book Boutique.
 22061 | Orc:2    | HP: 45/111 [stone giant (31)]
 22064 | Orc:2    | HP: 19/111 [stone giant (27)]
 22461 | Orc:2    | Found a staircase to the Elven Halls.
 22472 | Orc:2    | Found Buco's Antique Weapon Boutique.
 22749 | Orc:2    | HP: 54/111 [orc warrior/+0 scimitar[an orc knight] (10)]
 22927 | Orc:2    | Reached skill level 10 in Armour
 23073 | Orc:2    | Found Gegoe's General Store.
 23085 | Orc:2    | HP: 49/111 [ettin/+0 dire flail (20)]
 23087 | Orc:2    | Reached skill level 11 in Fighting
 23093 | Orc:2    | HP: 35/113 [cyclops (23)]
 23096 | Orc:2    | HP: 12/113 [cyclops (12)]
 23362 | Orc:2    | Noticed Rupert
 23760 | D:13     | Found a runed translucent gate.
 23767 | D:13     | Found a runed translucent gate.
 23768 | D:13     | Found a runed translucent gate.
 23771 | D:13     | Noticed Lassup's ghost (journeyman DjNe)
 23811 | D:13     | Found a gate leading to a gauntlet.
 23858 | Gauntlet | Entered a Gauntlet
 23858 | Gauntlet | Found a transporter.
 23867 | Gauntlet | Found a transporter.
 23883 | Gauntlet | Found a transporter.
 23887 | Gauntlet | Found a transporter.
 23897 | Gauntlet | Found a transporter.
 23917 | Gauntlet | Found a transporter.
 23920 | Gauntlet | Found a transporter.
 23924 | Gauntlet | Found a transporter.
 23947 | Gauntlet | Found a transporter.
 23965 | Gauntlet | Found a transporter.
 23969 | Gauntlet | Found a transporter.
 23970 | Gauntlet | Found a runed translucent door.
 23980 | Gauntlet | Found a transporter.
 24112 | Gauntlet | Identified the +2 hat of the Mashing Gods {rPois MP+9}
 24150 | Gauntlet | Identified the ring of the Oligarchy {rElec Will+ EV+4
                  | Str+3}
 24256 | Gauntlet | Identified the +2 robe "Bulofymi" {rElec}
 24301 | D:13     | Identified a scroll of acquirement
 24529 | D:13     | Found a portal to a secret trove of treasure.
 24884 | D:13     | HP: 29/114 [radroach (shapeshifter) (35)]
 24886 | D:13     | Reached skill level 12 in Fighting
 24886 | D:13     | Reached skill level 11 in Armour
 25596 | D:14     | Gained mutation: Your touch may irresistibly damage your
                  | foes and sap their willpower. [demonic ancestry]
 25596 | D:14     | Reached XP level 15. HP: 105/122 MP: 26/26
 25702 | D:14     | Found a gate to the Vaults.
 25924 | D:15     | Entered Level 15 of the Dungeon
 26076 | D:14     | HP: 52/122 [orc knight/+2 war axe of electrocution (13)]
 26540 | D:15     | Reached skill level 13 in Fighting
 26556 | D:15     | Reached skill level 12 in Armour
 26839 | D:15     | Noticed Josephine
 26873 | D:15     | HP: 59/124 [skeletal warrior/+0 glaive (11)]
 26878 | D:15     | HP: 11/124 [skeletal warrior/+0 glaive (28)]
 27168 | D:15     | Killed Josephine
 27472 | D:14     | HP: 62/125 [poisoned by a naga mage (bolt of poison)]
 27477 | D:14     | HP: 60/125 [poisoned by a naga mage (bolt of poison)]
 27795 | D:15     | Found a staircase to the Depths.
 28079 | Snake:1  | Entered Level 1 of the Snake Pit
 28285 | Snake:1  | Identified the ring "Kuonnemp" {Will+ Str+6}
 28300 | Snake:1  | Reached skill level 14 in Fighting
 28364 | Snake:1  | HP: 63/126 [anaconda (12)]
 28521 | Snake:1  | Reached skill level 13 in Armour
 28723 | Snake:1  | HP: 47/126 [naga sharpshooter/arrow (17)]
 29155 | Snake:1  | Reached skill level 2 in Dodging
 29162 | Snake:1  | HP: 57/127 [mana viper[a naga ritualist] (9)]
 29166 | Snake:1  | HP: 23/127 [mana viper[a naga ritualist] (8)]
 29171 | Snake:1  | HP: 17/127 [poisoned by a naga ritualist (toxic radiance)]
 29176 | Snake:1  | HP: 19/127 [poisoned by a naga ritualist (toxic radiance)]
 29666 | Snake:1  | Found a large runed translucent door.
 29667 | Snake:1  | Found a large runed translucent door.
 29803 | Snake:1  | Noticed experimilk's ghost (journeyman TrGl)
 29981 | Snake:1  | Reached skill level 3 in Dodging
 30119 | Snake:1  | Noticed Aizul
 30136 | Snake:1  | HP: 56/127 [Aizul (12)]
 30139 | Snake:1  | Killed Aizul
 30141 | Snake:1  | HP: 51/127 [poisoned by Aizul (poison arrow)]
 30146 | Snake:1  | HP: 47/127 [poisoned by Aizul (poison arrow)]
 30592 | Snake:2  | Gained mutation: You punish those that try to bend your
                  | will. (Will+) [demonic ancestry]
 30592 | Snake:2  | Reached XP level 16. HP: 127/134 MP: 27/27
 30694 | Snake:2  | Identified the +8 rapier of Pasach {freeze, Will+ rCorr
                  | Int+6 Dex-5}
 30708 | Snake:2  | HP: 58/134 [salamander/arrow (7)]
 30713 | Snake:2  | HP: 38/134 [salamander/arrow (3)]
 30798 | Snake:2  | HP: 67/134 [fire elemental[Azrael] (6)]
 30799 | Snake:2  | Noticed Azrael
 30803 | Snake:2  | HP: 63/134 [naga sharpshooter/arrow (3)]
 30805 | Snake:2  | Killed Azrael
 30813 | Snake:2  | HP: 40/134 [naga sharpshooter/arrow (3)]
 31063 | Snake:2  | You fall into a shaft and drop 1 floor!
 31079 | Snake:3  | Reached skill level 4 in Dodging
 31096 | Snake:3  | Noticed Donald
 31104 | Snake:3  | HP: 67/134 [naga sharpshooter/arrow (17)]
 31110 | Snake:3  | HP: 55/134 [Donald/+2 vorpal scimitar (7)]
 31111 | Snake:3  | Killed Donald
 31115 | Snake:3  | HP: 57/134 [naga sharpshooter/arrow (4)]
 31121 | Snake:3  | Reached skill level 15 in Fighting
 31383 | Snake:2  | HP: 65/136 [salamander/+0 halberd (16)]
 31760 | Snake:2  | Reached skill level 5 in Dodging
 31762 | Snake:2  | HP: 65/136 [black mamba[a naga ritualist] (11)]
 31767 | Snake:2  | HP: 65/136 [black mamba[a naga ritualist] (4)]
 32348 | Snake:2  | Found Ymnoqih's Weapon Emporium.
 32641 | Snake:2  | HP: 56/136 [naga warrior/+0 trident (15)]
 32643 | Snake:2  | HP: 13/136 [salamander/+0 halberd (22)]
 33429 | Snake:3  | Found Aduok's Mass Market.
 33518 | Snake:3  | Reached skill level 6 in Dodging
 33608 | Snake:3  | Reached skill level 17 in Unarmed Combat
 33924 | Snake:3  | HP: 68/136 [poisoned by a salamander]
 33929 | Snake:2  | HP: 64/136 [poisoned by a salamander]
 34760 | Snake:3  | Reached skill level 7 in Dodging
 34767 | Snake:3  | HP: 68/136 [poisoned by a naga mage (bolt of poison)]
 34772 | Snake:3  | HP: 64/136 [poisoned by a naga mage (bolt of poison)]
 34950 | Snake:4  | Entered Level 4 of the Snake Pit
 35259 | Snake:4  | HP: 59/131 [naga warrior/+3 trident (16)]
 35264 | Snake:3  | HP: 54/131 [poisoned by a naga ritualist (toxic radiance)]
 35269 | Snake:3  | HP: 57/132 [poisoned by a naga ritualist (toxic radiance)]
 35673 | Snake:4  | HP: 64/134 [salamander/+0 trident (5)]
 35681 | Snake:4  | HP: 67/136 [poisoned by a guardian serpent (bolt of
                  | poison)]
 35686 | Snake:4  | HP: 54/136 [poisoned by a guardian serpent (bolt of
                  | poison)]
 35691 | Snake:4  | HP: 48/136 [poisoned by a guardian serpent (bolt of
                  | poison)]
 35913 | Snake:4  | Reached skill level 8 in Dodging
 36250 | Snake:4  | HP: 68/136 [salamander tyrant/flame surge (21)]
 36253 | Snake:4  | HP: 32/136 [salamander mystic/+0 quarterstaff (5)]
 36256 | Snake:4  | HP: 10/136 [salamander tyrant/flame surge (25)]
 36261 | Snake:4  | HP: 30/136 [salamander tyrant/flame surge (18)]
 36263 | Snake:4  | HP: 13/136 [salamander tyrant (2)]
 36263 | Snake:4  | Slain by a salamander tyrant

Illustrated notes

Levels and vault maps discovered:
D:1:      sevenhm_arrival_forest_fort_small_5, layout_loops_ring,
          item_on_display_a
D:2:      layout_loops_ring
D:3:      layout_basic, dreamdust_ecumenical_altar_statues,
          chequers_serial_rivers_large_b
D:4:      layout_basic, general_overflow_altar, kennysheep_little_box
D:5:      layout_basic, minmay_temple_entry_drinking_statues
D:6:      layout_cave_pods
D:7:      layout_basic, trog_three_pillars_becter, serial_shops,
          nicolae_shop_competitors_out_of_business
D:8:      minmay_bloctagon, layout_gridville, nicolae_qazlal_scattered_showers,
          lemuel_crystal_altar, nicolae_alphabet_shops
D:9:      layout_stronghold, mainiacjoe_overflow_six_doors_small,
          mainiacjoe_overflow_surrounded_room, lair_entry_dummy
D:10:     layout_cave_pools, lemuel_round_altar, jmf_multi_god_temple2,
          ebering_ghost_xom, uniq_snorg
D:11:     layout_roguey, uniq_sonja, uniq_urug
D:12:     layout_big_octagon, david_orc_1_choice
D:13:     layout_roguey, nicolae_trove_entry_path_of_doom,
          gauntlet_entry_generic, ebering_ghost_rock_garden
D:14:     layout_cave_pools, david_vaults_2, roderic_three_in_a_row
D:15:     grunt_enter_depths_magical_seal, layout_rooms, elyvilon_altar_1,
          uniq_josephine
Temple:   hellmonk_temple_two_chambers
Lair:1:   layout_cave_shapes
Lair:2:   layout_regular_city, guppyfry_snake_entry_garden
Lair:3:   layout_misc_corridors, minmay_shoals_entry_centaurs
Lair:4:   layout_gridlike, lemuel_fruit_fields, infiniplex_staircase_pool_2
Lair:5:   cheibrodos_lair_end_hotspot, layout_misc_corridors, slime_entry_1,
          disabler_island
Snake:1:  layout_grid_maze, ebering_ghost_disaster_area, grunt_megastairs_5,
          uniq_aizul
Snake:2:  layout_grid_maze, serial_shops, shop, uniq_azrael
Snake:3:  layout_cave_town, drop_trap, minmay_shop_mass,
          nicolae_triple_integral, uniq_donald
Snake:4:  snake_pit_salamanders_mu, layout_rooms, ebering_ghost_inner_flame,
          uniq_vashnia
Orc:1:    layout_diamond_mine, serial_shops, nicolae_shop_stone
Orc:2:    grunt_orc_gardens, layout_caves, grunt_orc_garden, grunt_orc_garden,
          grunt_orc_garden, grunt_orc_garden, minmay_orc_treasury, uniq_rupert

Skill      XL: |  1  2  3  4  5  6  7  8  9 10 11 12 13 14 15 16 |
---------------+-------------------------------------------------+-----
Unarmed Combat | 3 4 5 6 7 8 9 10 12 14 16 17 | 17.6
Invocations    | 1 5 9 11 14 15 | 15.0
Armour         | 4 8 11 13 | 13.2
Fighting       | 5 9 12 14 15 | 15.0
Dodging        | 3 8 |  8.1
Spellcasting   | |  2.0
Transmutations | |  1.7

Action                   |  1- 3 |  4- 6 |  7- 9 | 10-12 | 13-15 | 16-18 || total
-------------------------+-------+-------+-------+-------+-------+-------++-------
Melee: Unarmed           |    75 |   109 |   240 |   586 |  1361 |   461 ||  2832
       Kick              |     5 |     8 |    20 |    40 |    17 |       ||    90
       Headbutt          |     2 |     7 |    11 |    29 |    11 |       ||    60
       Touch             |    12 |    18 |    29 |   115 |   313 |    90 ||   577
       Punch             |       |     3 |    10 |    49 |   152 |    59 ||   273
Throw: Dart              |       |       |       |       |     1 |       ||     1
 Cast: Beastly Appendage |     9 |     9 |    10 |    17 |     2 |       ||    47
Invok: Minor Destruction |       |       |       |    13 |     6 |       ||    19
       Greater Servant o |       |       |       |       |     1 |     1 ||     2
Evoke: Wand              |       |       |       |     1 |     5 |     1 ||     7
  Use: Potion            |       |       |     1 |     2 |     2 |     5 ||    10
       Scroll            |       |       |       |       |    27 |     6 ||    33
 Stab: Sleeping          |     1 |     1 |       |       |     1 |     1 ||     4
       Paralysed         |       |     7 |     5 |     5 |       |       ||    17
       Distracted        |       |     1 |       |       |       |       ||     1
       Petrified         |       |       |       |     2 |       |       ||     2
Armor: Robe              |    14 |    22 |    13 |       |       |       ||    49
       Ring mail         |       |       |   110 |   378 |   679 |   201 ||  1368
Dodge: Dodged            |    40 |    43 |   125 |   371 |   837 |   440 ||  1856

Table legend: (Time is in decaauts)
 A = Elapsed time spent in this place.
 B = Non-inter-level travel time spent in this place.
 C = Inter-level travel time spent in this place.
 D = Time resting spent in this place.
 E = Time spent auto-exploring this place.
 F = Levels seen in this place.
 G = Mean time per level.
                   A        B        C        D        E       F      G
               +--------+--------+--------+--------+--------+-----+--------+
         Total |  35601 |  34084 |   1517 |   6043 |  22671 |  28 | 1271.5 |
       Dungeon |  17948 |  16940 |   1008 |   2093 |  12319 |  15 | 1196.5 |
        Temple |     24 |     20 |      4 |      0 |     10 |   1 |   24.0 |
          Lair |   6934 |   6628 |    306 |    598 |   4943 |   5 | 1386.8 |
     Snake Pit |   7990 |   7872 |    118 |   2319 |   4393 |   4 | 1997.5 |
  Orcish Mines |   2315 |   2236 |     79 |    980 |    852 |   2 | 1157.5 |
      Gauntlet |    387 |    387 |      0 |     53 |    153 |   1 |  387.0 |
               +--------+--------+--------+--------+--------+-----+--------+

Top non-repeatable levels by time:
 Snake:1: 3234 daAuts
  Lair:5: 2324 daAuts
 Snake:2: 1972 daAuts
 Snake:3: 1907 daAuts
  Lair:4: 1840 daAuts
     D:8: 1721 daAuts
    D:14: 1665 daAuts
    D:12: 1580 daAuts
     D:9: 1569 daAuts
    D:11: 1557 daAuts
     D:5: 1458 daAuts
   Orc:1: 1347 daAuts
     D:7: 1178 daAuts
    D:13: 1148 daAuts
    D:15: 1031 daAuts
